 Dungeon Crawl Stone Soup version 0.31.0-32-g396128a36d (webtiles) character file.

Game seed: 11102499427677005037

53964 chippings the Fighter (level 14, 0/152 HPs)
             Began as a Yellow Draconian Shapeshifter on Mar 13, 2024.
             Was an Elder of Sif Muna.
             Shot with an arrow by a naga sharpshooter (19 damage)
             ... on level 1 of the Snake Pit.
             The game lasted 01:01:14 (16314 turns).

chippings the Fighter (DrSh)                       Turns: 16314, Time: 01:01:15

Health: 0/152      AC: 13    Str: 19    XL:     14   Next: 32%
Magic:  20/20      EV: 12    Int: 16    God:    Sif Muna [****..]
Gold:   1716       SH:  0    Dex: 10    Spells: 5/21 levels left

rFire   + .          .
                       - Unarmed
rCold   + + +        (shield currently unavailable)
rNeg    . . .        (body armour unavailable)
rPois   +            x - melded +2 hat
rElec   +            (cloak currently unavailable)
rCorr   .            H - melded +0 pair of gloves
SInv    .            a - melded +0 pair of boots "Piogg" {Fly Str+5 Dex+5}
Will    ++...        b - amulet of Mageipn {Faith Rampage rElec rC++ Str-5}
Stlth   +++          Z - ring "Dalauxox" {rF+ AC+4 Str+2}
HPRegen 0.45/turn    j - ring of Vonosasm {rC+ Will+}
MPRegen 0.17/turn

%: rampage, faith
@: snake-form
A: constrict, boosted hp, (spit acid), AC +8, large, unfitting armour, (acidic
bite), (cold-blooded), (acid resistance)
a: Begin Untransformation, Renounce Religion, Channel Magic, Forget Spell,
Divine Exegesis


You were on level 1 of the Snake Pit.
You worshipped Sif Muna.
Sif Muna was greatly pleased with you.
You were an enormous serpent.
You visited 4 branches of the dungeon, and saw 18 of its levels.
You also visited: Sewer.

You collected 2192 gold pieces.
You spent 476 gold pieces at shops.

Inventory:

Armour
 a - the +0 pair of boots "Piogg" (melded) {Fly Str+5 Dex+5}
   (You found it on level 4 of the Dungeon)

   Str+5:     It affects your strength (+5).
   Dex+5:     It affects your dexterity (+5).
   Fly:       It grants you flight.
 x - a +2 hat (melded)
 H - a +0 pair of gloves (melded)
Jewellery
 b - the amulet of Mageipn (around neck) {Faith Rampage rElec rC++ Str-5}
   (You bought it in a shop on level 1 of the Snake Pit)

   [amulet of faith]

   Faith:     It allows you to gain divine favour quickly.
   Str-5:     It affects your strength (-5).
   rC++:      It greatly protects you from cold.
   rElec:     It insulates you from electricity.
   Rampage:   It bestows one free step when moving towards enemies.
 j - the ring of Vonosasm (right hand) {rC+ Will+}
   (You acquired it on level 2 of the Orcish Mines)

   [ring of willpower]

   rC+:       It protects you from cold.
   Will+:     It increases your willpower.
 y - a ring of see invisible
 Z - the ring "Dalauxox" (left hand) {rF+ AC+4 Str+2}
   (You found it on level 5 of the Lair of Beasts)

   [ring of protection]

   AC+4:      It affects your AC (+4).
   Str+2:     It affects your strength (+2).
   rF+:       It protects you from fire.
Talismans
 f - a flux talisman
 m - the maw talisman of Minor Irritation {Fly Int+4 Slay+3}
   (You took it off Rupert on level 1 of the Snake Pit)

   [maw talisman]

   Int+4:     It affects your intelligence (+4).
   Slay+3:    It affects your accuracy & damage with ranged weapons and melee
   (+3).
   Fly:       It grants you flight.
 s - a serpent talisman (active)
Wands
 d - a wand of acid (5)
 e - a wand of flame (16)
 h - a wand of mindburst (9)
 J - a wand of iceblast (8)
 T - a wand of paralysis (2)
 V - a wand of polymorph (4)
 X - a wand of digging (3)
Scrolls
 i - a scroll of poison
 k - 3 scrolls of fog {unknown}
 n - 2 scrolls of amnesia {unknown}
 o - a scroll of torment {unknown}
 p - 7 scrolls of noise
 r - 15 scrolls of identify
 u - 4 scrolls of enchant weapon
 C - 6 scrolls of teleportation
 E - 3 scrolls of vulnerability {unknown}
 I - a scroll of brand weapon {unknown}
 L - 6 scrolls of revelation {unknown}
 O - 3 scrolls of butterflies {unknown}
 R - 2 scrolls of silence {unknown}
Potions
 c - 2 potions of brilliance
 g - 4 potions of haste
 l - a potion of ambrosia
 v - a potion of mutation
 z - 2 potions of enlightenment
 A - 2 potions of might {unknown}
 B - 3 potions of curing
 M - 3 potions of heal wounds
 P - 2 potions of attraction
 W - a potion of lignification
 Y - a potion of cancellation


   Skills:
 + Level 12.3 Fighting
 - Level 8.0 Dodging
 + Level 5.2 Stealth
 + Level 11.5 Unarmed Combat
 - Level 4.0 Spellcasting
 + Level 7.5 Conjurations
 + Level 8.4 Translocations
 + Level 7.8 Invocations
 + Level 10.5 Shapeshifting


You had 5 spell levels left.
You knew the following spells:

 Your Spells              Type           Power      Damage    Failure   Level
a - Lesser Beckoning      Tloc           60%        N/A       1%          2
b - Gell's Gravitas       Tloc           30%        N/A       1%          3
c - Teleport Other        Tloc           30%        N/A       1%          3
d - Passage of Golubria   Tloc           30%        N/A       5%          4
e - Iskenderun's Mystic   Conj/Tloc      28%        2d7       6%          4

Your spell library contained the following spells:

 Spells                   Type           Power      Damage    Failure   Level
 Foxfire                  Conj/Fire      60%        2x1d7     3%          1
 Sting                    Conj/Alch      60%        1d6       3%          1
 Mephitic Cloud           Conj/Alch/Air  11%        N/A       19%         3
 Cigotuvi's Dreadful Rot  Necr/Alch/Air  6%         N/A       26%         2
 Scorch                   Fire           6%         2d5       26%         2
 Dimensional Bullseye     Hex/Tloc       8%         N/A       30%         4
 Flame Wave               Conj/Fire      15%        2d7       34%         4
 Tukima's Dance           Hex            3%         N/A       45%         3
 Anguish                  Hex/Necr       1%         N/A       86%         4
 Cause Fear               Hex            1%         N/A       86%         4
 Petrify                  Alch/Erth      3%         N/A       86%         4
 Summon Lightning Spire   Summ/Air       3%         N/A       86%         4
 Yara's Violent Unravell  Hex/Alch       1%         3d3       99%         5
 Starburst                Conj/Fire      7%         6d4       99%         6
 Plasma Beam              Fire/Air       1%         2x1d11    100%        6
 Summon Cactus Giant      Summ           1%         N/A       100%        6
 Enfeeble                 Hex            1%         N/A       100%        7
 Haunt                    Necr/Summ      1%         N/A       100%        7
 Borgnjor's Revivificati  Necr           1%         N/A       100%        8
 Maxwell's Capacitive Co  Air            1%         ∞         100%        8
 Chain Lightning          Conj/Air       7%         3d10      100%        9
 Death's Door             Necr           1%         N/A       100%        9
 Fire Storm               Conj/Fire      7%         8d2       100%        9
 Shatter                  Erth           1%         3d6*      100%        9


Dungeon Overview and Level Annotations

Branches:
Dungeon (10/15)            Temple (0/1) D:4            Lair (5/5) D:9
  Swamp (0/4) Lair:3        Snake (1/4) Lair:3        Slime (0/5) Lair:4
    Orc (2/2) D:9             Elf (0/3) Orc:2         Sewer (visited)

Altars:
Ashenzari
Dithmenos
Elyvilon
Gozag
Kikubaaqudgha
Nemelex Xobeh
Qazlal
Sif Muna
Uskayaw
Wu Jian
Xom
Yredelemnul
The Shining One
Jiyva

Shops:
D:3 *   D:5 :   D:10 (   Orc:2 [(*!=   Snake:1 *


Innate Abilities, Weirdness & Mutations

You are an enormous serpent.
You have a powerful constriction melee attack.
Your maximum health is increased.
Your armour is entirely melded.
You are incapable of wielding weapons or throwing items.
((You can spit globs of acid.))
((Your golden yellow scales are hard. (AC +8)))
You cannot fit into any form of body armour.
((You have acidic saliva.))
((You are cold-blooded and may be slowed by cold attacks.))
((You are resistant to acid. (rCorr)))


Message History

You constrict the naga sharpshooter.
The naga sharpshooter gestures wildly while chanting.
The naga sharpshooter magically shoots an arrow.
The arrow hits you!!
The naga sharpshooter spits poison at you.
The splash of poison misses you.
You body-slam the naga sharpshooter!!
The naga sharpshooter is moderately wounded.
You constrict the naga sharpshooter. You hit the naga sharpshooter.
The naga sharpshooter is heavily wounded.
You constrict the naga sharpshooter.
The naga sharpshooter shoots an arrow.
The arrow hits you!
* * * LOW HITPOINT WARNING * * *
You lash the naga sharpshooter!
The naga sharpshooter is heavily wounded.
You constrict the naga sharpshooter.
The naga sharpshooter shoots an arrow.
The arrow completely misses you.
The naga sharpshooter casts a spell.
The naga sharpshooter magically shoots an arrow.
The arrow barely misses you.
You lash the naga sharpshooter!
The naga sharpshooter is severely wounded.
You constrict the naga sharpshooter.
The naga sharpshooter shoots an arrow.
The arrow closely misses you.
You lash the naga sharpshooter!
The naga sharpshooter is almost dead.
You constrict the naga sharpshooter. You barely miss the naga sharpshooter.
The naga sharpshooter is almost dead.
You constrict the naga sharpshooter.
The naga sharpshooter shoots an arrow.
The arrow hits you!
* * * LOW HITPOINT WARNING * * *
The naga sharpshooter shoots an arrow.
The arrow hits you!!
* * * LOW HITPOINT WARNING * * *
You feel much better.
You constrict the naga sharpshooter!
You kill the naga sharpshooter!
Sif Muna accepts your kill.
The naga sharpshooter shoots an arrow.
The arrow hits you!!
You die...

....#
##).)#..........# .###
##....##########
##....## ##....##
#.....## #..##...##
############### #.#.
##...###.......#.....#
#...
##...#...∩...........
....
##.S)...#....#......
##.N.#######..#####
#...## #..# # #....#
#..# # #..[.## #..#
#.#.## #..# #...# ....
#... .... #...


You could see a naga sharpshooter.

Vanquished Creatures
  Jorgrun (Lair:3)
  Rupert (Snake:1)
  An orc warlord (Orc:2)
  6 hydras
  A catoblepas (Lair:5)
  An anaconda (Snake:1)
  8 death yaks
  A deep troll shaman (Lair:5)
  A two-headed ogre (D:5)
  Urug (Lair:3)
  A naga sharpshooter (Snake:1)
  An orc high priest (Orc:2)
  Nergalle (Lair:3)
  A lindwurm (Lair:5)
  A bog body (Lair:3)
  Pikel (D:4)
  2 orc knights (Orc:2)
  3 orc sorcerers (Orc:1)
  8 black mambas
  2 kobold blastminers (Orc:1)
  8 elephants
  A naga mage (Snake:1)
  7 cane toads
  A rime drake (Lair:4)
  12 komodo dragons
  Grinder (D:5)
  4 trolls
  4 polar bears
  Sigmund (D:2)
  A shadow (D:6)
  58 yaks
  6 wyverns
  3 basilisks
  2 wargs
  2 swamp worms (Lair:3)
  6 nagas (Lair:3)
  Menkaure (D:5)
  15 water moccasins
  30 orc warriors
  2 black bears
  12 wolves
  2 centaurs
  6 ogres
  A kobold brigand (D:9)
  A phantom (D:7)
  A brain worm (Sewer)
  17 bullfrogs
  4 scorpions
  15 wights
  6 killer bees
  5 electric eels
  6 howler monkeys
  6 hounds
  17 orc priests
  A jelly (Lair:4)
  Ijyb (D:3)
  8 iguanas
  14 orc wizards
  5 adders
  2 river rats
  A shadow imp (D:6)
  2 white imps
  2 ribbon worms
  A dart slug (D:1)
  71 orcs
  5 ball pythons
  11 endoplasms
  2 giant cockroaches
  6 goblins
  8 hobgoblins
  A jackal (Sewer)
  5 quokkas
  9 bats
  2 frilled lizards
  13 kobolds
  4 rats
481 creatures vanquished.

Vanquished Creatures (others)
  A naga (Snake:1)
  A bullfrog (Lair:3)
  An orc (Orc:1)
3 creatures vanquished.

Grand Total: 484 creatures vanquished

Notes
Turn   | Place    | Note
-------+----------+-------------------------------------------
     0 | D:1      | chippings the Draconian Shapeshifter began the quest for
                  | the Orb.
     0 | D:1      | Reached XP level 1. HP: 16/16 MP: 1/1
   185 | D:1      | Reached XP level 2. HP: 18/23 MP: 2/2
   384 | D:1      | Found a faded altar of an unknown god.
   792 | D:1      | Reached skill level 2 in Fighting
  1020 | D:2      | Reached XP level 3. HP: 27/29 MP: 3/3
  1029 | D:2      | Found a hide-covered altar of Uskayaw.
  1477 | D:2      | Noticed Sigmund
  1487 | D:2      | Killed Sigmund
  1488 | D:2      | Reached skill level 3 in Fighting
  1488 | D:2      | Reached XP level 4. HP: 39/39 MP: 4/4
  1488 | D:2      | Reached XP level 5. HP: 45/45 MP: 5/5
  1757 | D:3      | Found Yczol's General Store.
  1760 | D:3      | Bought a scroll of identify for 20 gold pieces
  1770 | D:3      | Noticed Ijyb
  1781 | D:3      | Killed Ijyb
  1850 | D:3      | Found a hide-covered altar of Uskayaw.
  1917 | D:3      | Found a glowing drain.
  1936 | Sewer    | Entered a sewer
  1952 | Sewer    | Reached XP level 6. HP: 36/52 MP: 6/6
  2095 | Sewer    | Reached skill level 4 in Fighting
  2534 | D:3      | Found a shimmering blue altar of Sif Muna.
  2540 | D:3      | Became a worshipper of Sif Muna the Loreminder
  2875 | D:4      | Noticed Pikel
  2895 | D:4      | Killed Pikel
  2896 | D:4      | Reached skill level 5 in Fighting
  2896 | D:4      | Reached skill level 5 in Unarmed Combat
  2896 | D:4      | Reached skill level 5 in Shapeshifting
  2896 | D:4      | Your scales start taking on a golden yellow colour.
  2896 | D:4      | Reached XP level 7. HP: 61/61 MP: 7/7
  2896 | D:4      | Gained mutation: You are resistant to acid. (rCorr) [Yellow
                  | Draconian growth]
  2957 | D:4      | Identified the +0 pair of boots "Piogg" {Fly Str+5 Dex+5}
  3040 | D:4      | Identified the +0 sling of Cyraum {heavy, Will++ Dex+3}
  3067 | D:4      | Found a staircase to the Ecumenical Temple.
  3558 | D:5      | Entered Level 5 of the Dungeon
  3558 | D:5      | Found Acen Xuu's Book Boutique.
  3634 | D:5      | Noticed a two-headed ogre
  3645 | D:5      | Killed a two-headed ogre
  3646 | D:5      | Reached skill level 6 in Fighting
  3646 | D:5      | Reached XP level 8. HP: 16/71 MP: 8/8
  3652 | D:5      | Noticed Menkaure
  3661 | D:5      | Killed Menkaure
  3662 | D:5      | Reached skill level 7 in Fighting
  3883 | D:5      | Noticed Grinder
  3884 | D:5      | Paralysed by Grinder for 5 turns
  3903 | D:5      | Killed Grinder
  3904 | D:5      | Reached XP level 9. HP: 64/79 MP: 9/9
  4326 | D:6      | Found a broken altar of Ashenzari.
  4386 | D:6      | Learned a level 2 spell: Lesser Beckoning
  4608 | D:6      | Reached skill level 1 in Spellcasting
  4608 | D:6      | Reached skill level 1 in Translocations
  4676 | D:6      | Found a shimmering altar of Xom.
  5151 | D:6      | Reached skill level 8 in Fighting
  5160 | D:6      | Reached * piety under Sif Muna
  5329 | D:7      | Learned a level 3 spell: Gell's Gravitas
  5333 | D:7      | Learned a level 3 spell: Teleport Other
  5474 | D:7      | Learned a level 4 spell: Passage of Golubria
  5592 | D:7      | Found an ancient bone altar of Kikubaaqudgha.
  6061 | D:8      | Reached XP level 10. HP: 90/90 MP: 13/13
  6208 | D:8      | Found an opulent altar of Gozag.
  6595 | D:8      | Found a glowing golden altar of the Shining One.
  6957 | D:9      | Found a staircase to the Orcish Mines.
  6967 | D:9      | Found a white marble altar of Elyvilon.
  6969 | D:9      | Found an ornate altar of the Wu Jian Council.
  7002 | D:9      | Reached ** piety under Sif Muna
  7027 | D:9      | Noticed an elephant
  7106 | D:9      | Killed an elephant
  7185 | D:9      | Found a shadowy altar of Dithmenos.
  7251 | D:9      | Reached skill level 9 in Fighting
  7291 | D:9      | Found a basalt altar of Yredelemnul.
  7301 | D:9      | Learned a level 4 spell: Iskenderun's Mystic Blast
  7424 | D:9      | Found a stormy altar of Qazlal.
  7520 | D:9      | Found a staircase to the Lair.
  7588 | D:10     | Entered Level 10 of the Dungeon
  7631 | D:10     | Reached skill level 1 in Conjurations
  7648 | D:9      | Reached skill level 5 in Dodging
  7804 | D:10     | Found a sparkling altar of Nemelex Xobeh.
  8094 | D:10     | Reached skill level 1 in Invocations
  8298 | D:10     | Reached XP level 11. HP: 91/96 MP: 17/17
  8315 | D:10     | Found Kiwala's Weapon Shoppe.
  8387 | D:10     | Reached *** piety under Sif Muna
  8541 | Lair:1   | Entered Level 1 of the Lair of Beasts
  8976 | Lair:1   | Identified the amulet "Eviojuor" {Spirit rF+}
  9027 | Lair:1   | Reached skill level 5 in Translocations
  9448 | Lair:1   | Noticed a six-headed hydra
  9460 | Lair:1   | Killed a six-headed hydra
  9461 | Lair:1   | Reached skill level 10 in Fighting
  9831 | Lair:2   | Reached XP level 12. HP: 86/106 MP: 18/18
  9968 | Lair:2   | Reached **** piety under Sif Muna
 10236 | Lair:2   | Reached skill level 10 in Unarmed Combat
 10683 | Lair:3   | Noticed a death yak
 10696 | Lair:3   | Killed a death yak
 10701 | Lair:3   | Noticed a death yak
 10725 | Lair:3   | Killed a death yak
 10726 | Lair:3   | Reached skill level 5 in Invocations
 10794 | Lair:3   | Reached skill level 5 in Conjurations
 11034 | Lair:3   | Found a staircase to the Snake Pit.
 11043 | Lair:3   | Noticed Nergalle
 11046 | Lair:3   | Noticed a death yak
 11050 | Lair:3   | Killed Nergalle
 11070 | Lair:3   | Killed a death yak
 11071 | Lair:3   | Reached skill level 1 in Stealth
 11108 | Lair:3   | Noticed Urug
 11109 | Lair:3   | Reached skill level 11 in Fighting
 11252 | Lair:3   | Killed Urug
 11498 | Lair:3   | Found a staircase to the Swamp.
 11751 | Lair:4   | Found a staircase to the Slime Pits.
 11751 | Lair:4   | Found a viscous altar of Jiyva.
 11856 | Lair:4   | Reached XP level 13. HP: 111/116 MP: 19/19
 12747 | Lair:5   | Entered Level 5 of the Lair of Beasts
 12794 | Lair:4   | Reached ***** piety under Sif Muna
 13464 | Lair:5   | Reached skill level 10 in Shapeshifting
 13484 | Lair:5   | Received a gift from Sif Muna
 13673 | Lair:5   | Identified the staff "Gogiol" {rElec Conj Air}
 13674 | Lair:5   | Identified the ring "Dalauxox" {rF+ AC+4 Str+2}
 13948 | Orc:1    | Entered Level 1 of the Orcish Mines
 14142 | Orc:2    | Entered Level 2 of the Orcish Mines
 14143 | Orc:2    | Found a staircase to the Elven Halls.
 14373 | Orc:1    | Reached skill level 12 in Fighting
 14429 | Orc:2    | Received a gift from Sif Muna
 14485 | Orc:2    | Gained mutation: You have acidic saliva. [Yellow Draconian
                  | growth]
 14485 | Orc:2    | Reached XP level 14. HP: 122/122 MP: 14/20
 14518 | Orc:2    | Got Sif Muna's Incunable of Electric Reformation {god gift}
 14628 | Orc:2    | Found Zucenuib's Distillery.
 14638 | Orc:2    | Bought a potion of heal wounds for 60 gold pieces
 14638 | Orc:2    | Bought a potion of cancellation for 96 gold pieces
 14638 | Orc:2    | Bought 2 potions of curing for 72 gold pieces
 14747 | Orc:2    | Noticed an orc warlord
 15221 | Orc:2    | Found Qauweoch's Assorted Antiques.
 15226 | Orc:2    | Bought a scroll labelled AFIUTOB UPLOCS for 28 gold pieces
 15230 | Orc:2    | Identified a scroll of acquirement
 15231 | Orc:2    | Acquired the ring of Vonosasm {rC+ Will+}
 15602 | Orc:2    | Killed an orc warlord
 15828 | Orc:2    | Found Siejeuppo's Antique Weapon Boutique.
 15832 | Orc:2    | Found Domyva Ysyq's Antique Armour Shop.
 15951 | Orc:2    | Found Basut's Jewellery Emporium.
 16069 | Snake:1  | Entered Level 1 of the Snake Pit
 16069 | Snake:1  | Noticed Jorgrun
 16084 | Lair:3   | Killed Jorgrun
 16085 | Lair:3   | Reached skill level 5 in Stealth
 16158 | Snake:1  | Identified the maw talisman of Minor Irritation {Fly Int+4
                  | Slay+3}
 16158 | Snake:1  | Noticed Rupert
 16172 | Snake:1  | Killed Rupert
 16222 | Snake:1  | Found Imeet's Assorted Antiques.
 16232 | Snake:1  | Bought a vibrating golden amulet for 200 gold pieces
 16232 | Snake:1  | Identified the amulet of Mageipn {Faith Rampage rElec rC++
                  | Str-5} (You bought it in a shop on level 1 of the Snake
                  | Pit)
 16313 | Snake:1  | HP: 5/152 [naga sharpshooter/arrow (20)]
 16314 | Snake:1  | Shot with an arrow by a naga sharpshooter

Illustrated notes

Levels and vault maps discovered:
D:1:      dpeg_arrival_morbid_curiosity, layout_basic,
          shapermc_ecumenical_altar_totnotflames
D:2:      layout_loops_ring, basic_altar, uniq_sigmund
D:3:      layout_loops_cross, kennysheep_orc_sif_temple,
          nicolae_uskayaw_murder_on_the_dancefloor, serial_shops,
          nicolae_shop_tiny_real_fake_doors, portal_sewer_entry_a, uniq_ijyb
D:4:      layout_basic, minmay_temple_entry_offerings, uniq_pikel
D:5:      layout_rooms, serial_shops, nicolae_stop_n_shop_2,
          serial_bayou_lagoon_b, uniq_grinder, uniq_menkaure
D:6:      layout_basic, old_standard_altar, nicolae_overflow_hidden_temple,
          hangedman_abyss_or_decor_passed, hangedman_decor_clover_reticule
D:7:      layout_cave_pools, mainiacjoe_overflow_small_starburst,
          david_defended_altar_orc
D:8:      layout_cave_pools, tso_oasis_becter, mainiacjoe_overflow_catwalk
D:9:      layout_rooms, kennysheep_little_box, grunt_temple_overflow_open,
          mainiacjoe_overflow_surrounded_room, grunt_lair_entry_orc_guard_hut
D:10:     layout_long_grid, overflow_temple_1_default, serial_shops, shop
Lair:1:   beast_lair_carwin_large_1, layout_regular_city, lemuel_fruit_tree,
          lemuel_fruit_fields, serial_bayou_shore_a, serial_bayou_shore_b
Lair:2:   layout_cellular_growth
Lair:3:   layout_roguey, nicolae_swamp_entry_splash_gauntlet,
          minmay_snake_entry_guardpost_medium, uniq_nergalle, uniq_urug
Lair:4:   layout_concentric_octagons, nicolae_slime_entry_slimehenge
Lair:5:   grunt_lair_end_beastmaster, layout_gridlike
Snake:1:  layout_concentric_octagons, serial_shops, nicolae_shop_peninsula,
          shop, uniq_jorgrun, uniq_rupert, uniq_mlioglotl, uniq_aizul
Orc:1:    layout_diamond_mine
Orc:2:    grunt_orc_community_town_hall, layout_caves,
          grunt_orc_community_big_house_2, grunt_orc_community_big_house_2,
          grunt_orc_community_house_1, grunt_orc_community_house_1,
          grunt_orc_community_house_1, grunt_orc_community_house_3,
          serial_shops, nicolae_shop_trees

Skill      XL: |  1  2  3  4  5  6  7  8  9 10 11 12 13 14 |
---------------+-------------------------------------------+-----
Fighting       | 2 3 5 6 7 8 9 10 11 12 | 12.3
Unarmed Combat | 4 5 6 7 8 9 10 11 | 11.5
Shapeshifting  | 4 5 6 7 8 9 10 | 10.5
Dodging        | 2 3 5 6 7 8 |  8.0
Spellcasting   | 2 4 |  4.0
Translocations | 2 4 5 6 8 |  8.4
Conjurations   | 1 4 5 7 |  7.5
Invocations    | 1 4 5 7 |  7.8
Stealth        | 2 4 5 |  5.2

Action                     |  1- 3 |  4- 6 |  7- 9 | 10-12 | 13-15 || total
---------------------------+-------+-------+-------+-------+-------++-------
  Melee: Unarmed           |    79 |   116 |   218 |   625 |   567 ||  1605
         Tailslap          |     9 |     9 |    42 |   118 |    88 ||   266
         Punch             |     3 |       |       |    24 |    41 ||    68
         Maw               |       |       |       |   147 |   169 ||   316
         Bite              |       |       |       |       |    35 ||    35
         Constrict         |       |       |       |       |     5 ||     5
   Cast: Lesser Beckoning  |       |       |     1 |     7 |    12 ||    20
         Gell's Gravitas   |       |       |       |     6 |     9 ||    15
         Passage of Golubr |       |       |       |     3 |     8 ||    11
         Iskenderun's Myst |       |       |       |       |     5 ||     5
         Tukima's Dance    |       |       |       |       |     1 ||     1
 Invoke: Channel Magic     |       |       |       |       |     1 ||     1
         Divine Exegesis   |       |       |       |       |     1 ||     1
Ability: Begin Untransform |       |     1 |       |       |       ||     1
         Breathe Acid      |       |       |     1 |    18 |    28 ||    47
  Evoke: Wand              |       |       |       |     6 |     4 ||    10
    Use: Potion            |     1 |     1 |     2 |     1 |     4 ||     9
         Scroll            |       |     5 |     3 |     3 |     4 ||    15
   Stab: Sleeping          |     1 |       |       |     1 |     4 ||     6
         Invisible         |       |       |       |       |     3 ||     3
         Distracted        |       |       |       |       |     1 ||     1
 Armour: Skin              |    39 |    82 |    85 |   342 |   422 ||   970
  Dodge: Dodged            |    37 |    68 |   144 |   466 |   496 ||  1211
   Form: Beast             |       |     1 |       |       |       ||     1
         Flux              |       |       |     1 |     1 |     1 ||     3
         Serpent           |       |       |       |     1 |     2 ||     3
         Maw               |       |       |       |     1 |     1 ||     2
